 Dungeon Crawl Stone Soup version 0.30-a0-1157-g2cc9ac7196 (webtiles) character file.

Game seed: 576430512235883789

74 jasper the Conjurer (level 4, -4/21 HPs)
             Began as a Spriggan Conjurer on Apr 24, 2023.
             Slain by Natasha (7 damage)
             ... on level 3 of the Dungeon.
             The game lasted 00:03:12 (2221 turns).

jasper the Conjurer (Spriggan Conjurer)             Turns: 2221, Time: 00:03:13

Health: -4/21      AC:  2    Str:  3    XL:     4   Next: 10%
Magic:  3/9        EV: 17    Int: 21    God:
Gold:   91         SH:  0    Dex: 13    Spells: 5/8 levels left

rFire   . . .        d - +0 short sword (venom)
rCold   . . .        (no shield)
rNeg    . . .        a - +0 robe
rPois   .            (helmet restricted)
rElec   .            (no cloak)
rCorr   .            (gloves unavailable)
SInv    +            (boots unavailable)
Will    .....        (no amulet)
Stlth   ++           (no ring)
HPRegen 0.23/turn    (no ring)
MPRegen 0.11/turn

%: no passive effects
@: very quick
A: very small, no large weapons, unfitting armour, see invisible, speed 3
a: no special abilities


You were on level 3 of the Dungeon.
You visited 1 branch of the dungeon, and saw 3 of its levels.

You collected 91 gold pieces.

Inventory:

Hand Weapons
 d - a +0 short sword of venom (weapon)
Armour
 a - a +0 robe (worn)
 c - +0 swamp dragon scales
Scrolls
 f - 5 scrolls of teleportation
Potions
 b - a potion of magic
 e - 3 potions of lignification
 g - a potion of ambrosia
 h - 2 potions of haste {unknown}
 i - 2 potions of curing {unknown}
 j - a potion of flight {unknown}
 k - a potion of heal wounds {unknown}
 n - a potion of degeneration {unknown}


   Skills:
 - Level 2.6 Dodging
 - Level 3.0 Stealth
 - Level 2.6 Spellcasting
 + Level 4.2 Conjurations


You had 5 spell levels left.
You knew the following spells:

 Your Spells              Type           Power      Damage    Failure   Level
a - Magic Dart            Conj           80%        1d7       2%          1
b - Searing Ray           Conj           40%        2d5       3%          2

Your spell library contained the following spells:

 Spells                   Type           Power      Damage    Failure   Level
 Kiss of Death            Conj/Necr      44%        2d8       6%          1
 Dazzling Flash           Conj/Hex       22%        N/A       17%         3
 Confusing Touch          Hex            2%         N/A       38%         3
 Fulminant Prism          Conj/Hex       5%         3d6       50%         4
 Iskenderun's Mystic Bla  Conj/Tloc      11%        2d4       50%         4
 Dispel Undead            Necr           2%         3d7       80%         4


Dungeon Overview and Level Annotations

Branches:
Dungeon (3/15)

Altars:

Shops:
D:1 =

Annotations:
D:3 Natasha


Innate Abilities, Weirdness & Mutations

You are very small and have problems with some larger weapons.
You are too small for most types of armour.
You have supernaturally acute eyesight. (SInv)
You cover ground extremely quickly. (Speed+++)


Message History

k - a sedimented silvery potion Natasha, Servant of Life and Death comes into view.
Natasha is nearby!
Aiming: Magic Dart (safe; 2% risk of failure)
Press: ? - help, Q - select action, (/) - cycle Shift-Dir - straight line, f - Natasha
Aim: Natasha (asleep, 100% to hit)
The magic dart hits Natasha but does no damage.
Natasha hisses angrily.
Natasha casts a spell at you. The magic dart hits you.
You take 5 damage, and have 16/21 hp.
MASSIVE DAMAGE!!
You now have 8/9 mp.
Aiming: Magic Dart (safe; 2% risk of failure)
Press: ? - help, Q - select action, (/) - cycle Shift-Dir - straight line, f/p - Natasha
Aim: Natasha (100% to hit)
The magic dart hits Natasha.
Natasha is moderately wounded.
You now have 7/9 mp.
Aiming: Magic Dart (safe; 2% risk of failure)
Press: ? - help, Q - select action, (/) - cycle Shift-Dir - straight line, f - you That beam is likely to hit you.
Continue anyway?
Okay, then.
Natasha claws you.
You take 3 damage, and have 13/21 hp.
Casting: Magic Dart (safe; 2% risk of failure)
Confirm with . or Enter, or press ? or * to list all spells.
Aiming: Searing Ray (safe; 3% risk of failure)
Press: ? - help, Shift-Dir - straight line, f - Natasha
Aim: Natasha (lightly wounded, 72% to hit)
The searing ray misses Natasha. (Press . to maintain the ray.) Natasha casts a spell at you.
The magic dart hits you!
* * * LOW HITPOINT WARNING * * *
You take 10 damage, and have 3/21 hp.
MASSIVE DAMAGE!!
You now have 5/9 mp.
The searing ray hits Natasha!
Natasha is severely wounded.
Natasha closely misses you.
You now have 4/9 mp.
The searing ray misses Natasha.
Natasha claws you!
You die...

##'##'####..#..........
#.......#.............
#<...##.#........#....
#######.#............$
#.#.............
#.#..............
#..†.......#.....
###..#.#...#.....
#.....!@..# ##
......###h......
##.#.... .######
.......#... #.#.##..#
... #.#.....# .... #
..... ......


You could see Natasha.

Vanquished Creatures
  A hound (D:3)
  2 dart slugs
  7 endoplasms
  3 goblins (D:1)
  A hobgoblin (D:1)
  7 jackals (D:1)
  3 kobolds
  A quokka (D:1)
  2 ball pythons
  4 bats
  2 frilled lizards (D:1)
  2 rats (D:1)
35 creatures vanquished.

Notes
Turn   | Place    | Note
-------+----------+-------------------------------------------
     0 | D:1      | jasper the Spriggan Conjurer began the quest for the Orb.
     0 | D:1      | Reached XP level 1. HP: 9/9 MP: 5/5
    81 | D:1      | Reached skill level 3 in Conjurations
   310 | D:1      | Reached XP level 2. HP: 13/13 MP: 4/6
   594 | D:1      | Found Sobaekeo's One-of-a-Kind Rings.
   748 | D:1      | Found a faded altar of an unknown god.
   926 | D:1      | Reached XP level 3. HP: 16/16 MP: 6/8
   929 | D:1      | Learned a level 2 spell: Searing Ray
  2139 | D:3      | Reached skill level 4 in Conjurations
  2139 | D:3      | Reached XP level 4. HP: 20/21 MP: 1/9
  2213 | D:3      | Noticed Natasha
  2221 | D:3      | Slain by Natasha

Illustrated notes

Levels and vault maps discovered:
D:1:      dpeg_arrival_snail, layout_basic, chequers_ecumenical_altar_simple,
          nicolae_shop_unique_rings
D:2:      layout_basic
D:3:      layout_basic, hex_medium, uniq_natasha, uniq_terence

Skill      XL: |  1  2  3 |
---------------+----------+-----
Conjurations   | 3 4 |  4.2
Dodging        | |  2.6
Stealth        | |  3.0
Spellcasting   | |  2.6

Action                     |  1- 3 |  4- 6 || total
---------------------------+-------+-------++-------
  Melee: Short sword       |    28 |       ||    28
   Cast: Magic Dart        |    69 |     2 ||    71
         Searing Ray       |     1 |     1 ||     2
    Use: Scroll            |     7 |       ||     7
 Armour: Robe              |     5 |       ||     5
  Dodge: Dodged            |    30 |     1 ||    31

Table legend: (Time is in decaauts)
 A = Elapsed time spent in this place.
 B = Non-inter-level travel time spent in this place.
 C = Inter-level travel time spent in this place.
 D = Time resting spent in this place.
 E = Time spent auto-exploring this place.
 F = Levels seen in this place.
 G = Mean time per level.
                   A        B        C        D        E       F      G
               +--------+--------+--------+--------+--------+-----+--------+
         Total |   1668 |   1627 |     41 |      5 |   1424 |   3 |  556.0 |
       Dungeon |   1668 |   1627 |     41 |      5 |   1424 |   3 |  556.0 |
               +--------+--------+--------+--------+--------+-----+--------+

Top non-repeatable levels by time:
     D:1: 1012 daAuts
     D:2: 556 daAuts
     D:3: 100 daAuts
